 Dungeon Crawl Stone Soup version 0.25-a0-96-g4073cf80fb (webtiles) character file.

Game seed: 5660009260364709456, levelgen mode: deterministic

37 vurker the Magician (level 3, -2/25 HPs)
             Began as a Mummy Fire Elementalist on Nov 11, 2019.
             Killed from afar by a dart slug (6 damage)
             ... with a slug dart
             ... on level 2 of the Dungeon.
             The game lasted 00:01:56 (1653 turns).

vurker the Magician (Mummy Fire Elementalist)       Turns: 1653, Time: 00:01:56

Health: -2/25      AC:  2    Str: 11    XL:     3   Next: 21%
Magic:  0/7        EV: 12    Int: 15    God:
Gold:   52         SH:  0    Dex: 12    Spells: 7/8 levels left

rFire    x . .     SeeInvis .   g - +0 dagger
rCold    + . .     Gourm    .   (no shield)
rNeg     + + +     Faith    .   a - +0 robe
rPois    ∞         Spirit   .   (no helmet)
rElec    .         Reflect  .   (no cloak)
rCorr    .         Harm     .   (no gloves)
MR       .....                  (no boots)
Stlth    +++.......             (no amulet)
HPRegen  0.08/turn              h - ring of stealth
MPRegen  0.10/turn              (no ring)

@: no status effects
A: no food or potions, fire vulnerability, cold resistance 1, negative energy
resistance 3, torment resistance, unbreathing
a: no special abilities


You were on level 2 of the Dungeon.
You were not hungry.

You visited 1 branch of the dungeon, and saw 2 of its levels.

You collected 52 gold pieces.

Inventory:

Hand Weapons
 g - a +0 dagger (weapon)
   (You took it off a goblin on level 1 of the Dungeon)
Armour
 a - a +0 robe (worn)
Jewellery
 e - an uncursed amulet of regeneration
   (You took it off a hobgoblin on level 2 of the Dungeon)
 h - a ring of stealth (left hand)
   (You found it on level 2 of the Dungeon)
Scrolls
 b - a scroll of fear {unknown}
 c - 2 scrolls of remove curse {unknown}
 d - a scroll of fog {unknown}
 f - a scroll of magic mapping {unknown}
 i - a scroll of enchant armour {unknown}
 j - a scroll of teleportation {unknown}


   Skills:
 + Level 0.6 Fighting
 - Level 1.5 Dodging
 - Level 1.5 Stealth
 * Level 3.2 Spellcasting
 * Level 1.4 Conjurations
 * Level 2.9 Fire Magic


You had 7 spell levels left.
You knew the following spells:

 Your Spells              Type           Power        Failure   Level  Hunger
a - Flame Tongue          Conj/Fire      #....        8%          1    N/A

Your spell library contained the following spells:

 Spells                   Type           Power        Failure   Level  Hunger
 Throw Flame              Conj/Fire      #.....       12%         2    N/A
 Conjure Flame            Conj/Fire      #.......     24%         3    N/A
 Inner Flame              Hex/Fire       #.......     32%         3    N/A
 Sticky Flame             Conj/Fire      #.......     61%         4    N/A
 Fireball                 Conj/Fire      #.........   91%         5    N/A

Dungeon Overview and Level Annotations

Branches:
Dungeon (2/15)

Altars:


Innate Abilities, Weirdness & Mutations

You do not eat or drink.
Your flesh is vulnerable to fire.
You are immune to poison.
Your flesh is cold resistant. (rC+)
You are immune to negative energy. (rN+++)
You are immune to unholy pain and torment.
You can survive without breathing.


Message History

You hit the giant cockroach. The jackal bites you. x2
The giant cockroach barely misses you. The jackal bites you.
You barely miss the giant cockroach. The jackal bites you.
The giant cockroach closely misses you. The jackal closely misses you.
The jackal bites you.
You hit the giant cockroach but do no damage.
The giant cockroach misses you. The jackal barely misses you. x2
The giant cockroach closely misses you.
You hit the giant cockroach but do no damage.
The jackal barely misses you. The jackal closely misses you.
The giant cockroach closely misses you. The jackal misses you.
You closely miss the giant cockroach.
The jackal bites you but does no damage.
The jackal closely misses you. The giant cockroach misses you.
The jackal bites you.
* * * LOW HITPOINT WARNING * * *
You hit the giant cockroach.
You kill the giant cockroach!
The jackal misses you. The jackal barely misses you. The jackal bites you.
* * * LOW HITPOINT WARNING * * *
The jackal barely misses you.
Aim: a jackal (heavily wounded)
The flame tongue hits the jackal!
You kill the jackal!
The jackal barely misses you.
You don't have enough magic to cast that spell.
You hit the jackal but do no damage. The jackal bites you.
* * * LOW HITPOINT WARNING * * *
You closely miss the jackal. The jackal misses you.
You closely miss the jackal.
The jackal pauses to sniff the ground.
The jackal bites you.
* * * LOW HITPOINT WARNING * * *
The jackal completely misses you.
You closely miss the jackal. The jackal bites you.
* * * LOW HITPOINT WARNING * * *
You closely miss the jackal. The jackal barely misses you.
The jackal completely misses you.
You miss the jackal. The jackal bites you.
* * * LOW HITPOINT WARNING * * *
Aim: a jackal The flame tongue hits the jackal.
The jackal barely misses you.
You hit the jackal.
You kill the jackal!
You hit the dart slug but do no damage. The dart slug completely misses you.
You hit the dart slug. You hit the dart slug.
The dart slug launches a dart at you. The slug dart hits you.
You die...

#########
........##########
.#####...#.......#
†#
#.....!.####.###
.#
##......#......#
.###
##.#...#.##.#.#
...# #.##### #@#.#
...# #.# #w# #
...# #+# #.†# ...#
#.## ...# .. ####
... ## .##. ..+ ..
.. ### .. ##


You could see a dart slug.

Vanquished Creatures
  An adder (D:2)
  A worm (D:2)
  A leopard gecko (D:2)
  An orc (D:1)
  2 giant cockroaches
  A goblin (D:1)
  4 hobgoblins
  3 jackals (D:2)
  2 bats (D:1)
  2 kobolds (D:1)
  3 rats
21 creatures vanquished.

Notes
Turn   | Place    | Note
-------+----------+-------------------------------------------
     0 | D:1      | vurker the Mummy Fire Elementalist began the quest for the
                  | Orb.
     0 | D:1      | Reached XP level 1. HP: 13/13 MP: 4/4
   326 | D:1      | Reached skill level 1 in Conjurations
   617 | D:1      | Reached XP level 2. HP: 19/19 MP: 2/5
   889 | D:1      | Reached skill level 3 in Spellcasting
  1502 | D:2      | Reached XP level 3. HP: 25/25 MP: 5/7
  1653 | D:2      | Killed from afar by a dart slug

Levels and vault maps discovered:
D:1:      dpeg_arrival_castle, layout_basic
D:2:      layout_loops_corners, marbit_many_paths

Skill      XL: |  1  2 |
---------------+-------+-----
Conjurations   | 1 |  1.4
Spellcasting   | 3 |  3.2
Fighting       | |  0.6
Dodging        | |  1.5
Stealth        | |  1.5
Fire Magic     | |  2.9

Action                   || total
-------------------------++-------
Melee: Dagger            ||    18
 Cast: Flame Tongue      ||    45
Armor: Robe              ||     6
Dodge: Dodged            ||    50

Table legend:
 A = Non-vault XP
 B = Vault XP
 C = Vault XP percentage of total XP
 D = Non-vault monster count
 E = Vault monster count
 F = Vault count percentage of total count
                 A         B        C        D         E       F
            +---------+---------+-------+---------+---------+-------
      Total |      53 |       0 |   0.0 |      21 |       0 |   0.0
            +---------+---------+-------+---------+---------+-------
        D:1 |      19 |       0 |   0.0 |      11 |       0 |   0.0
        D:2 |      34 |       0 |   0.0 |      10 |       0 |   0.0
            +---------+---------+-------+---------+---------+-------
